 Dungeon Crawl Stone Soup version 0.29.1-12-g30fa7ad0bf (webtiles) character file.

Game seed: 16995399573019184212

378 Gabide the Ruffian (level 6, -6/49 HPs)
             Began as a Mummy Berserker on Dec 26, 2022.
             Was a Believer of Trog.
             Mangled by Edmund
             ... wielding a +4 flail of distortion
              (13 damage)
             ... on level 3 of the Dungeon.
             The game lasted 00:07:47 (4334 turns).

Gabide the Ruffian (Mummy Berserker)                Turns: 4334, Time: 00:07:48

Health: -6/49      AC: 11    Str: 22    XL:     6   Next: 45%
Magic:  0/6        EV:  8    Int:  7    God:    Trog [**....]
Gold:   294        SH:  0    Dex: 11    Spells: 5/5 levels left

rFire   x . .      SeeInvis .     - Unarmed
rCold   + . .      Faith    .   l - orb {light}
rNeg    + + +      Spirit   +   b - +0 chain mail
rPois   ∞          Reflect  .   (no helmet)
rElec   .          Harm     .   (no cloak)
rCorr   .          Rampage  .   h - +1 pair of gloves
Will    .....                   e - +0 pair of boots
Stlth   ..........              a - amulet of guardian spirit
HPRegen 0.16/turn               (no ring)
MPRegen 0.10/turn               (no ring)

@: about to teleport, glowing
A: cold resistance 1, negative energy resistance 3, torment resistance 2, heat
vulnerability 1, in touch with death 1, no potions
a: Renounce Religion, Trog's Hand


You were on level 3 of the Dungeon.
You worshipped Trog.
Trog was pleased with you.
You visited 1 branch of the dungeon, and saw 4 of its levels.

You collected 294 gold pieces.

Inventory:

Missiles
 k - 8 poisoned darts (quivered)
Armour
 b - a +0 chain mail (worn)
 e - a +0 pair of boots (worn)
 h - a +1 pair of gloves (worn)
 l - an orb of light (worn)
Jewellery
 a - an amulet of guardian spirit (around neck)
Scrolls
 c - a scroll of fog
 d - a scroll of immolation
 f - 2 scrolls of teleportation
 g - a scroll of poison
 i - a scroll of vulnerability
 j - a scroll of magic mapping {unknown}


   Skills:
 + Level 4.4 Fighting
 - Level 1.5 Armour
 + Level 3.1 Dodging
 * Level 4.6 Unarmed Combat


You had 5 spell levels left.
You didn't know any spells.
Your spell library was empty.

Dungeon Overview and Level Annotations

Branches:
Dungeon (4/15)
 Temple: D:4-7

Altars:
Dithmenos
Fedhas
Gozag
Trog
Xom

Annotations:
D:3 Edmund
D:4 Pikel


Innate Abilities, Weirdness & Mutations

You are immune to poison.
Your flesh is cold resistant. (rC+)
You are immune to negative energy. (rN+++)
You are immune to unholy pain and torment.
You are vulnerable to heat. (rF-)
You are in touch with the powers of death.
You do not drink.


Message History

Found a stone staircase leading down.
There is a stone staircase leading down here.
There is an open door here.
Edmund is nearby!
Edmund shouts!
The air fills with toxic fumes!
As you read the scroll of poison, it crumbles to dust.
Press: ? - help, v - describe, . - travel
Here: Edmund, wielding a +4 flail of distortion and wearing a +1 chain mail of poison resistance (poison gas, haloed)
The floor.
Unknown command.
Unknown command.
You aren't carrying any items that you can evoke.
Okay, then.
Unknown command.
Unknown command.
You see here a +0 dagger.
You see here a murky red potion.
Okay, then.
Edmund attacks as you move away!
Edmund hits you with a +4 flail of distortion.
Space warps around you.
There is an open door here.
Edmund attacks as you move away! Edmund hits you but does no damage.
Space warps around you. Edmund attacks as you move away!
Edmund hits you with a +4 flail of distortion.
Space warps around you. Edmund attacks as you move away!
Edmund closely misses you.
There is a stone staircase leading up here.
Edmund hits you with a +4 flail of distortion!
Space warps horribly around you!
* * * LOW HITPOINT WARNING * * *
You climb upwards.
There is a stone staircase leading down here.
As you read the scroll of teleportation, it crumbles to dust.
You feel strangely unstable.
Edmund says, "People accused me of being a cutpurse!"
Edmund hits you with a +4 flail of distortion!
You die...

#......#
#.#.#.....
######.#
#.#.#..###
#.#### #.#.#..#
#....#
#.#.#..###
####.#
#.#.#..... #<#
#.#.##.### #.#
#.#.......
#÷######
#.########
##..@...#
#.........
#..@.##.#
#########.
#.......# #.
####....#### ##
#.......#
########
#.####.########
#......#
#.#...........#
#.####.#
#.#.##.######.#
#....#.#
#.#.##.# #.#
##...#.#


You could see Edmund.

Vanquished Creatures
  A black bear (D:3)
  3 lemures (D:4)
  2 scorpions (D:4)
  A hound (D:4)
  An iguana (D:4)
  4 adders
  4 worms
  A dart slug (D:2)
  7 orcs
  7 ball pythons
  4 endoplasms
  5 giant cockroaches
  8 goblins
  3 hobgoblins
  4 jackals (D:2)
  2 quokkas
  4 bats
  9 kobolds
  4 rats
74 creatures vanquished.

Notes
Turn   | Place    | Note
-------+----------+-------------------------------------------
     0 | D:1      | Gabide the Mummy Berserker began the quest for the Orb.
     0 | D:1      | Reached XP level 1. HP: 18/18 MP: 1/1
   325 | D:1      | Reached XP level 2. HP: 20/24 MP: 2/2
  1174 | D:2      | Gained mutation: You are in touch with the powers of death.
                  | [Mummy growth]
  1174 | D:2      | Reached XP level 3. HP: 28/29 MP: 3/3
  1401 | D:2      | Reached ** piety under Trog
  1619 | D:2      | Reached XP level 4. HP: 35/35 MP: 4/4
  2336 | D:4      | Noticed a black bear
  2360 | D:3      | HP: 1/37 [black bear (4)]
  2362 | D:3      | Killed a black bear
  2363 | D:3      | Reached XP level 5. HP: 1/42 MP: 5/5
  2748 | D:4      | Reached XP level 6. HP: 41/48 MP: 6/6
  2894 | D:4      | Noticed Edmund
  2947 | D:4      | Found a blossoming altar of Fedhas.
  2958 | D:4      | Noticed Pikel
  3270 | D:3      | Found a shimmering altar of Xom.
  3270 | D:3      | Found a shadowy altar of Dithmenos.
  3284 | D:3      | Found a faded altar of an unknown god.
  3289 | D:3      | Found an opulent altar of Gozag.
  3595 | D:4      | Found a bloodstained altar of Trog.
  4334 | D:3      | Mangled by Edmund

Illustrated notes

Levels and vault maps discovered:
D:1:      amcnicky_arrival_blooded_trapdoor, layout_basic
D:2:      layout_rooms
D:3:      layout_basic, nicolae_overflow_quartered_altars,
          ebering_ecumenical_altar_abandoned
D:4:      layout_basic, mainiacjoe_overflow_catwalk_spiral, uniq_pikel,
          uniq_edmund

Skill      XL: |  1  2  3  4  5  6 |
---------------+-------------------+-----
Unarmed Combat | 3 4 |  4.6
Dodging        | 2 3 |  3.1
Fighting       | 4 |  4.4
Armour         | |  1.5

Action                   |  1- 3 |  4- 6 || total
-------------------------+-------+-------++-------
Melee: Unarmed           |   144 |   159 ||   303
       Punch             |     1 |     2 ||     3
Throw: Dart              |    17 |    33 ||    50
  Use: Scroll            |       |     7 ||     7
Armor: Chain mail        |    81 |    95 ||   176
       Animal skin       |     3 |       ||     3
Dodge: Dodged            |    63 |    74 ||   137
